 Dungeon Crawl Stone Soup version 0.27.0-1-g7a089689b8 (webtiles) character file.

Game seed: 9972373178856963635

795 snetch the Chopper (level 7, -3/62 HPs)
             Began as a Minotaur Berserker on Aug 13, 2021.
             Was a Priest of Trog.
             Slain by Pikel (5 damage)
             ... on level 5 of the Dungeon on Aug 16, 2021.
             The game lasted 00:12:14 (3788 turns).

snetch the Chopper (Minotaur Berserker)             Turns: 3788, Time: 00:12:14

Health: -3/62      AC:  6    Str: 24    XL:     7   Next: 58%
Magic:  6/6        EV: 12    Int:  7    God:    Trog [***...]
Gold:   155        SH:  0    Dex:  9    Spells: 6/6 levels left

rFire    . . .     SeeInvis .   a - +0 hand axe
rCold    + . .     Faith    +   (no shield)
rNeg     . . .     Spirit   .   v - +2 leather armour {rC+}
rPois    .         Reflect  .   (helmet restricted)
rElec    .         Harm     .   (no cloak)
rCorr    .         Rampage  .   (no gloves)
Will     ++...                  l - +0 pair of boots
Stlth    +.........             d - amulet of faith
HPRegen  0.20/turn              u - ring of the Mage {Wiz Will++ Int+3}
MPRegen  0.10/turn              (no ring)

@: on berserk cooldown, flying, slowed, very slow
A: horns 2, retaliatory headbutt
a: Renounce Religion, Berserk, Trog's Hand


You were on level 5 of the Dungeon.
You worshipped Trog.
Trog was most pleased with you.
You visited 1 branch of the dungeon, and saw 5 of its levels.

You collected 155 gold pieces.

Inventory:

Hand Weapons
 a - a +0 hand axe (weapon)
 z - a +1 whip of electrocution
 B - a +1 hand crossbow of freezing
Missiles
 b - 142 stones
 h - 22 bolts
 i - 63 arrows
 j - 34 sling bullets
 q - 4 javelins
 r - 23 poisoned darts (quivered)
Armour
 l - a +0 pair of boots (worn)
 s - a +0 pair of boots
 v - a +2 leather armour of cold resistance (worn)
 y - a +2 pair of boots
 A - a +0 leather armour of poison resistance
Jewellery
 d - an amulet of faith (around neck)
 u - the ring of the Mage (left hand) {Wiz Will++ Int+3}
   (You found it on level 4 of the Dungeon)

   [ring of wizardry]

   It improves your spell success rate.
   Int:       It affects your intelligence (+3).
   Will:      It greatly increases your willpower.
Wands
 C - a wand of iceblast (6)
Scrolls
 f - 2 scrolls of identify {unknown}
 k - a scroll of vulnerability {unknown}
 m - a scroll of fear {unknown}
 n - a scroll of noise {unknown}
 o - a scroll of blinking {unknown}
 t - 2 scrolls of enchant weapon {unknown}
 x - a scroll of summoning {unknown}
Potions
 c - a potion of flight
 e - a potion of lignification {unknown}
 g - 2 potions of heal wounds {unknown}
 p - a potion of attraction {unknown}
 w - a potion of mutation {unknown}


   Skills:
 + Level 5.8 Fighting
 + Level 6.4 Axes
 + Level 2.4 Throwing
 + Level 4.8 Armour
 + Level 4.9 Dodging
 + Level 0.3 Stealth


You had 6 spell levels left.
You didn't know any spells.
Your spell library contained the following spells:

 Spells                   Type           Power      Damage    Failure   Level
 Pain                     Necr           0%         1d4       21%         1
 Agony                    Necr           0%         N/A       99%         5
 Excruciating Wounds      Necr           0%         N/A       99%         5


Dungeon Overview and Level Annotations

Branches:
Dungeon (5/15)
 Temple: D:4-7

Altars:

Shops:
D:1 *

Annotations:
D:5 Pikel


Innate Abilities, Weirdness & Mutations

You have a pair of horns on your head.
You reflexively headbutt those who attack you in melee.


Message History

You hit Pikel.
Pikel is lightly wounded.
Pikel hits you with a +0 whip of freezing. x2
You hit Pikel. You headbutt Pikel.
Pikel is moderately wounded.
Pikel misses you.
You hit Pikel. Your headbutt misses Pikel.
Pikel is heavily wounded.
You feel the effects of Trog's Hand fading.
Pikel misses you.
Pikel hits you with a +0 whip of freezing.
Pikel freezes you.
You hit Pikel.
Pikel is heavily wounded.
Pikel completely misses you. You furiously retaliate!
You headbutt Pikel. You completely miss Pikel.
Pikel is heavily wounded.
Pikel hits you with a +0 whip of freezing.
Pikel freezes you.
You barely miss Pikel. You headbutt Pikel.
Pikel is heavily wounded.
Pikel closely misses you. x2
You hit Pikel but do no damage.
Pikel is heavily wounded.
Your skin stops crawling.
You feel less strong-willed.
Pikel hits you with a +0 whip of freezing!
* * * LOW HITPOINT WARNING * * *
You closely miss Pikel. Your headbutt misses Pikel.
Pikel is heavily wounded.
Pikel hits you with a +0 whip of freezing.
* * * LOW HITPOINT WARNING * * *
Pikel hits you with a +0 whip of freezing!
* * * LOW HITPOINT WARNING * * *
Pikel freezes you.
* * * LOW HITPOINT WARNING * * *
It was a potion of flight.
You feel very buoyant.
You fly up into the air.
Pikel hits you with a +0 whip of freezing.
You die...

#+##....##'#######....#
. #..)..#...#....# ...
#.....#...#....# ..
#.....#...#....# .
#.....#...#....#
#.....#...#....#
#.....##'##..).#
######...K.....#
#...@.....# #.........#
#.........# #.........#
#.........# ###########


You could see Pikel.

Vanquished Creatures
  Eustachio (D:4)
  2 ogres
  4 lemures (D:5)
  3 scorpions
  A howler monkey (D:5)
  A hound (D:3)
  2 orc wizards (D:5)
  Robin (D:2)
  4 adders
  4 gnolls (D:4)
  A shadow imp (D:5)
  An ufetubus (D:4)
  2 adder skeletons (D:4)
  5 orcs
  4 bats
  2 endoplasms (D:1)
  4 giant cockroaches
  15 goblins
  11 hobgoblins
  6 jackals
  6 quokkas
  8 ball pythons
  3 frilled lizards
  4 kobolds
  7 rats
102 creatures vanquished.

Vanquished Creatures (others)
  2 plants (D:5)
2 creatures vanquished.

Grand Total: 104 creatures vanquished

Notes
Turn   | Place    | Note
-------+----------+-------------------------------------------
     0 | D:1      | snetch the Minotaur Berserker began the quest for the Orb.
     0 | D:1      | Reached XP level 1. HP: 19/19 MP: 0/0
    66 | D:1      | Found a faded altar of an unknown god.
   153 | D:1      | Reached skill level 4 in Axes
   153 | D:1      | Reached XP level 2. HP: 27/27 MP: 1/1
   449 | D:1      | Reached ** piety under Trog
   501 | D:1      | Found Acre's General Store.
   616 | D:1      | Reached XP level 3. HP: 29/33 MP: 2/2
   954 | D:2      | Noticed Robin
   955 | D:2      | Noticed a scorpion
   962 | D:2      | Killed a scorpion
   963 | D:2      | Reached skill level 5 in Axes
   963 | D:2      | Reached XP level 4. HP: 41/41 MP: 3/3
   968 | D:2      | Killed Robin
  1228 | D:2      | Reached *** piety under Trog
  1230 | D:2      | Reached XP level 5. HP: 47/47 MP: 4/4
  1998 | D:4      | Found the ring of the Mage {Wiz Will++ Int+3}
  2013 | D:4      | Noticed an ogre
  2293 | D:4      | Noticed Eustachio
  2328 | D:4      | Killed Eustachio
  2329 | D:4      | Reached skill level 5 in Fighting
  2329 | D:4      | Reached XP level 6. HP: 15/56 MP: 5/5
  2613 | D:4      | Reached skill level 1 in Throwing
  3302 | D:4      | Reached skill level 6 in Axes
  3302 | D:4      | Reached XP level 7. HP: 47/61 MP: 6/6
  3560 | D:5      | Entered Level 5 of the Dungeon
  3773 | D:5      | Noticed Pikel
  3787 | D:5      | HP: 3/62 [Pikel (10)]
  3788 | D:5      | Slain by Pikel

Illustrated notes

Levels and vault maps discovered:
D:1:      psy_arrival_dodecagon, layout_basic,
          ebering_ecumenical_altar_abandoned, serial_shops, shop,
          minmay_strange_pillars
D:2:      layout_rooms, uniq_robin
D:3:      layout_basic
D:4:      layout_loops_ring, uniq_eustachio
D:5:      corexii_shack_village, layout_gridville, mainiacjoe_overflow_chevrons,
          nicolae_ossuary_entry_plus, minmay_shop_enchanted_jewellery,
          grunt_ministairs_2, uniq_menkaure, uniq_pikel

Skill      XL: |  1  2  3  4  5  6  7 |
---------------+----------------------+-----
Axes           | 4 5 6 |  6.4
Fighting       | 4 5 |  5.8
Armour         | 3 4 |  4.8
Dodging        | 3 4 |  4.9
Throwing       | 1 2 |  2.4
Stealth        | |  0.3

Action                   |  1- 3 |  4- 6 |  7- 9 || total
-------------------------+-------+-------+-------++-------
Melee: Hand axe          |    54 |   115 |    73 ||   242
       Headbutt          |     8 |    11 |    13 ||    32
Throw: Dart              |       |    28 |     3 ||    31
Invok: Berserk           |     1 |     3 |     2 ||     6
       Trog's Hand       |     1 |     2 |     6 ||     9
  Use: Potion            |       |       |     1 ||     1
Armor: Animal skin       |     2 |       |       ||     2
       Ring mail         |    15 |    63 |       ||    78
       Leather armour    |       |    10 |    26 ||    36
Dodge: Dodged            |    55 |   118 |    65 ||   238
